 Dungeon Crawl Stone Soup version 0.32-a0-876-gcfddb08e57 (webtiles) character file.

Game seed: 10480149209872738110

70 Autsider the Magician (level 4, -1/42 HPs)
             Began as an Oni Hedge Wizard on Apr 1, 2024.
             Slain by Natasha (3 damage)
             ... on level 2 of the Dungeon.
             The game lasted 00:04:14 (1926 turns).

Autsider the Magician (Oni Hedge Wizard)            Turns: 1926, Time: 00:04:14

Health: -1/42      AC:  1    Str: 14    XL:     4   Next: 22%
Magic:  4/10       EV:  8    Int: 17    God:
Gold:   79         SH:  0    Dex:  8    Spells: 8/11 levels left

rFire   . . .        l - +0 club
rCold   . . .        (no shield)
rNeg    . . .        (body armour restricted)
rPois   .            c - +0 hat
rElec   .            (no cloak)
rCorr   .            (gloves unavailable)
SInv    .            (boots unavailable)
Will    .....        (no amulet)
Stlth   +            (no ring)
HPRegen 0.27/turn    (no ring)
MPRegen 0.12/turn

%: no passive effects
@: no status effects
A: large, unfitting armour, horns 1, tough skin 1, double potion healing,
drunken brawling
a: no special abilities


You were on level 2 of the Dungeon.
You visited 1 branch of the dungeon, and saw 2 of its levels.

You collected 79 gold pieces.

Inventory:

Hand Weapons
 l - a +0 club (weapon)
Armour
 c - a +0 hat (worn)
Talismans
 a - a beast talisman
Scrolls
 b - 2 scrolls of fog {unknown}
 e - 2 scrolls of teleportation {unknown}
 f - a scroll of noise {unknown}
 g - 2 scrolls of identify {unknown}
 h - a scroll of revelation {unknown}
 k - a scroll of enchant armour {unknown}
Potions
 d - a potion of magic
 i - a potion of ambrosia {unknown}
 j - a potion of mutation {unknown}


   Skills:
 + Level 2.1 Fighting
 - Level 1.7 Dodging
 - Level 1.4 Stealth
 - Level 4.0 Spellcasting
 + Level 1.6 Conjurations
 + Level 1.7 Summonings
 + Level 1.7 Translocations


You had 8 spell levels left.
You knew the following spells:

 Your Spells              Type           Power      Damage    Failure   Level
a - Magic Dart            Conj           36%        1d4       8%          1
A - Call Imp              Summ           18%        N/A       12%         2

Your spell library contained the following spells:

 Spells                   Type           Power      Damage    Failure   Level
 Blink                    Tloc           18%        N/A       12%         2
 Slow                     Hex            12%        N/A       16%         1
 Cigotuvi's Dreadful Rot  Necr/Alch/Air  6%         N/A       24%         2
 Mephitic Cloud           Conj/Alch/Air  5%         N/A       36%         3


Dungeon Overview and Level Annotations

Branches:
Dungeon (2/15)

Altars:

Annotations:
D:2 Natasha, Terence


Innate Abilities, Weirdness & Mutations

You are too large for most types of armour.
You have a pair of small horns on your head.
You have tough skin. (AC +1)
You gain doubled healing and magic from potions.
Whenever you drink a healing potion, you attack all around you.


Message History

Your cerulean imp misses Natasha.
Natasha claws you.
* * * LOW HITPOINT WARNING * * *
Casting: Magic Dart (safe; 8% risk of failure)
Confirm with . or Enter, or press ? or * to list all spells.
Aiming: Magic Dart (safe; 8% risk of failure)
Press: ? - help, Shift-Dir - straight line, f/p - Natasha
Aim: Natasha (moderately wounded, ally target, 100% to hit)
The magic dart hits Natasha but does no damage.
Natasha is moderately wounded.
Your cerulean imp hits Natasha from afar with a -4 spear.
Natasha claws you.
* * * LOW HITPOINT WARNING * * *
Casting: Magic Dart (safe; 8% risk of failure)
Confirm with . or Enter, or press ? or * to list all spells.
Aiming: Magic Dart (safe; 8% risk of failure)
Press: ? - help, Shift-Dir - straight line, f/p - Natasha
Aim: Natasha (heavily wounded, ally target, 100% to hit)
You miscast Magic Dart.
You are very lightly contaminated with residual magic.
Nothing appears to happen.
Your cerulean imp barely misses Natasha.
Natasha claws you.
* * * LOW HITPOINT WARNING * * *
The ribbon worm completely misses you.
Your cerulean imp hits Natasha from afar with a -4 spear.
The ribbon worm expels a string of sticky webbing.
The stream of webbing hits your cerulean imp but does no damage.
Your cerulean imp is caught in a web!
Natasha attacks as she pursues you! Natasha claws you!
* * * LOW HITPOINT WARNING * * *
Your cerulean imp hits Natasha but does no damage.
Natasha attacks as she pursues you! Natasha claws you.
* * * LOW HITPOINT WARNING * * *
Found a stone staircase leading down and a stone staircase leading up.
Natasha closely misses you.
Your magical contamination has completely faded away.
There is an escape hatch in the ceiling here.
Natasha claws you.
You die...
Natasha curls up and begins to purr.

....#....####.##.................
..............5.......#..........
........####.##.#.#..#...##.....
#..#...# ##.##.#.#.##.#.###.##.
..#..#...###..#.5..............#.
......5........................##
..#.......##..####.5.#.##.###..##
# #..#h.#.##..####w..#.##.# #..##
#.............@h...#.#... #....
................................
...........#.....#.#.#...##.....#
###..#.#...#.....#.#.#...........
...#...........................
#.#.....#.#....###.... # #
#............. ..... <...>.... ..


You could see a ribbon worm, Natasha (ally target) and a friendly cerulean imp
(summoned).

Vanquished Creatures
  2 adders (D:2)
  A dart slug (D:1)
  3 endoplasms (D:1)
  2 goblins
  4 hobgoblins (D:1)
  6 jackals
  A kobold (D:1)
  2 quokkas (D:1)
  2 ball pythons
  5 bats
  5 frilled lizards (D:1)
  3 rats (D:1)
36 creatures vanquished.

Vanquished Creatures (collateral kills)
  An adder (D:2)
  A bat (D:2)
  2 frilled lizards (D:1)
4 creatures vanquished.

Grand Total: 40 creatures vanquished

Notes
Turn   | Place    | Note
-------+----------+-------------------------------------------
     0 | D:1      | Autsider the Oni Hedge Wizard began the quest for the Orb.
     0 | D:1      | Reached XP level 1. HP: 16/16 MP: 5/5
    74 | D:1      | Reached skill level 1 in Conjurations
    74 | D:1      | Reached skill level 1 in Summonings
    74 | D:1      | Reached skill level 1 in Translocations
   251 | D:1      | Reached XP level 2. HP: 25/26 MP: 2/6
   319 | D:1      | Reached skill level 1 in Fighting
   948 | D:1      | Reached XP level 3. HP: 33/33 MP: 5/8
  1175 | D:1      | Learned a level 2 spell: Call Imp
  1428 | D:2      | Noticed Terence
  1459 | D:2      | Reached skill level 4 in Spellcasting
  1629 | D:2      | Reached XP level 4. HP: 39/42 MP: 1/10
  1891 | D:2      | Noticed Natasha
  1923 | D:2      | HP: 1/42 [Natasha (5)]
  1926 | D:2      | Slain by Natasha

Illustrated notes

Levels and vault maps discovered:
D:1:      spicycebolla_green_bress_n_ham, layout_loops_ring, minmay_lizard_king
D:2:      layout_basic, basic_altar, moated_statue, chequers_jeans,
          uniq_terence, uniq_natasha

Skill      XL: |  1  2  3 |
---------------+----------+-----
Conjurations   | 1 |  1.6
Summonings     | 1 |  1.7
Translocations | 1 |  1.7
Fighting       | 1 2 |  2.1
Spellcasting   | 4 |  4.0
Dodging        | |  1.7
Stealth        | |  1.4

Action                     |  1- 3 |  4- 6 || total
---------------------------+-------+-------++-------
  Melee: Unarmed           |    54 |       ||    54
         Headbutt          |     4 |       ||     4
   Cast: Magic Dart        |    74 |    12 ||    86
         Call Imp          |     4 |     4 ||     8
 Armour: Skin              |    55 |    12 ||    67
  Dodge: Dodged            |    33 |     7 ||    40

Table legend: (Time is in decaauts)
 A = Elapsed time spent in this place.
 B = Non-inter-level travel time spent in this place.
 C = Inter-level travel time spent in this place.
 D = Time resting spent in this place.
 E = Time spent auto-exploring this place.
 F = Levels seen in this place.
 G = Mean time per level.
                   A        B        C        D        E       F      G
               +--------+--------+--------+--------+--------+-----+--------+
         Total |   1925 |   1880 |     45 |    142 |   1418 |   2 |  962.5 |
       Dungeon |   1925 |   1880 |     45 |    142 |   1418 |   2 |  962.5 |
               +--------+--------+--------+--------+--------+-----+--------+

Top non-repeatable levels by time:
     D:1: 1401 daAuts
     D:2: 524 daAuts
